 Dungeon Crawl Stone Soup version 0.22.1-2-g9c5b331 (webtiles) character file.

142 Fang the Skirmisher (level 5, 0/51 HPs)
             Began as a Gargoyle Berserker on Nov 29, 2018.
             Was a Believer of Trog.
             Splashed by a jelly's acid (2 damage)
             ... on level 3 of the Dungeon.
             The game lasted 00:03:44 (2071 turns).

Fang the Skirmisher (Gargoyle Berserker)            Turns: 2071, Time: 00:03:45

Health: 0/51       AC:  3    Str: 26    XL:     5   Next: 25%
Magic:  5/5        EV:  7    Int:  8    God:    Trog [**....]
Gold:   118        SH:  0    Dex:  9    Spells: 4/4 levels left

rFire    . . .     SeeInvis .   a - +0 hand axe
rCold    . . .     Gourm    .   (no shield)
rNeg     + + .     Faith    .   d - +0 plate armour
rPois    ∞         Spirit   .   (no helmet)
rElec    +         Reflect  .   (no cloak)
rCorr    .         Harm     .   (no gloves)
MR       .....                  (no boots)
Stlth    ..........             (no amulet)
HPRegen  0.17/turn              h - ring of positive energy
MPRegen  0.09/turn              (no ring)

@: berserking, corroded, very quick
A: negative energy resistance 1, electricity resistance, unbreathing,
petrification resistance, rot immunity, AC +4
a: Berserk, Trog's Hand, Renounce Religion


You were on level 3 of the Dungeon.
You worshipped Trog.
Trog was pleased with you.
You were hungry.

You visited 1 branch of the dungeon, and saw 3 of its levels.

You collected 118 gold pieces.

Inventory:

Hand Weapons
 a - a +0 hand axe (weapon)
Armour
 d - a +0 plate armour (worn)
Jewellery
 h - a ring of positive energy (left hand)
Scrolls
 b - a scroll of magic mapping {unknown}
 j - a scroll of identify {unknown}
 k - a scroll of enchant armour {unknown}
 n - a scroll of teleportation {unknown}
Potions
 e - 5 potions of curing {unknown}
 f - 3 potions of mutation {unknown}
 g - a potion of brilliance {unknown}
 i - a potion of berserk rage {unknown}
 l - a potion of degeneration {unknown}
 m - a potion of cancellation {unknown}
Comestibles
 c - 8 rations


   Skills:
 + Level 4.5 Fighting
 + Level 4.0 Axes
 + Level 3.0 Armour
 + Level 1.8 Dodging


You had 4 spell levels left.
You didn't know any spells.
Your spell library was empty.

Dungeon Overview and Level Annotations

Branches:
Dungeon (3/15)

Altars:
Elyvilon
Makhleb


Innate Abilities, Weirdness & Mutations

You are resistant to torment.
Your stone body is resilient. (AC +4)
You are immune to poison.
You resist negative energy. (rN+)
You are resistant to electric shocks. (rElec)
You can survive without breathing.
You are immune to petrification.
You are immune to rotting.


Message History

You are too injured to fight recklessly!
A red film seems to cover your vision as you go berserk!
You feel yourself moving faster!
You feel mighty!
You are feeling hungry.
The jelly closely misses you.
You hit the jelly but do no damage.
Your hands burn!
* * * LOW HITPOINT WARNING * * *
The jelly is lightly wounded.
You hit the jelly. The acid corrodes you!
Your hands burn!
* * * LOW HITPOINT WARNING * * *
The jelly is moderately wounded.
The jelly barely misses you.
You hit the jelly but do no damage.
Your hands burn!
* * * LOW HITPOINT WARNING * * *
The jelly is moderately wounded.
The jelly hits you but does no damage.
You completely miss the jelly.
The jelly is moderately wounded.
You slash the jelly!
Your hands burn!
You die...

#.......(..
#..####.... #..#
##....
########..###.....
#.....<...........
#.####.######.....
#.# #.# ###... #.#
#.# #... #@# #.#
#### #J# #.# # #..
#.# # ##.# #.# .#
#.# .# .# .#


You could see a jelly.

Vanquished Creatures
  A hound zombie (D:3)
  4 gnolls (D:2)
  An adder (D:2)
  An adder skeleton (D:3)
  3 worms
  4 leopard geckos
  5 orcs (D:3)
  4 bats
  2 giant cockroaches
  10 goblins
  7 hobgoblins
  2 quokkas
  3 frilled lizards
  8 kobolds
  3 rats
58 creatures vanquished.

Notes
Turn   | Place    | Note
-------+----------+-------------------------------------------
     0 | D:1      | Fang the Gargoyle Berserker began the quest for the Orb.
     0 | D:1      | Reached XP level 1. HP: 14/14 MP: 1/1
   283 | D:1      | Reached XP level 2. HP: 19/19 MP: 2/2
   771 | D:2      | Reached XP level 3. HP: 24/24 MP: 3/3
   784 | D:2      | Reached XP level 4. HP: 20/29 MP: 4/4
   991 | D:2      | Reached ** piety under Trog
  1456 | D:2      | Found a burning altar of Makhleb.
  1463 | D:2      | Found a white marble altar of Elyvilon.
  1778 | D:3      | Reached XP level 5. HP: 33/34 MP: 5/5
  2069 | D:3      | HP: 1/51 [acid (3)]
  2071 | D:3      | Splashed by a jelly's acid

Skill      XL: |  1  2  3  4  5 |
---------------+----------------+-----
Axes           | 3 4 |  4.0
Fighting       | 4 |  4.5
Armour         | 3 |  3.0
Dodging        | |  1.8

Action                   |  1- 3 |  4- 6 || total
-------------------------+-------+-------++-------
Melee: Hand axe          |    50 |   153 ||   203
Invok: Berserk           |     1 |     1 ||     2
  Eat: Chunk             |       |     5 ||     5
Armor: Animal skin       |     4 |       ||     4
       Plate armour      |    27 |    99 ||   126
Dodge: Dodged            |    19 |    53 ||    72
